 Dungeon Crawl Stone Soup version 0.19.1 (webtiles) character file.

46 empire the Conjurer (level 3, -2/19 HPs)
             Began as a Kobold Conjurer on Dec 20, 2016.
             Slain by Crazy Yiuf
             ... wielding a +4 quarterstaff of chaos
              (4 damage)
             ... on level 2 of the Dungeon.
             The game lasted 00:03:32 (1140 turns).

empire the Conjurer (Kobold Conjurer)               Turns: 1140, Time: 00:03:33

Health: -2/19      AC:  2    Str:  5    XL:     3   Next: 92%
Magic:  4/7        EV: 15    Int: 17    God:
Gold:   79         SH:  0    Dex: 15    Spells: 2 memorised, 4 levels left

rFire  . . .     SeeInvis .     a - -2 dagger (curse)
rCold  . . .     Gourm    .     Z - +0 robe
rNeg   . . .     Faith    .     (shield restricted)
rPois  .         Spirit   .     (no helmet)
rElec  .         Reflect  .     (no cloak)
rCorr  .         Harm     .     (no gloves)
MR     .....                    (no boots)
Stlth  ++........               (no amulet)
                                (no ring)
                                (no ring)

@: lethally poisoned (-2 -> -19)
A: carnivore 3
a: no special abilities


You were on level 2 of the Dungeon.
You were completely stuffed.

You visited 1 branch of the dungeon, and saw 2 of its levels.

You collected 79 gold pieces.

Inventory:

Hand Weapons
 a - a cursed -2 dagger (weapon)
 b - a +0 short sword
 h - a +0 spear
Armour
 Z - a +0 robe (worn)
Scrolls
 d - a scroll of teleportation
Potions
 f - a potion of berserk rage {unknown}
Books
 X - a book of Conjurations

   Spells                             Type                      Level
   a - Magic Dart                     Conjuration                  1
   b - Searing Ray                    Conjuration                  2
   c - Dazzling Spray                 Conjuration/Hexes            3
   d - Fulminant Prism                Conjuration/Hexes            4
   e - Iskenderun's Mystic Blast      Conjuration                  4
   f - Iskenderun's Battlesphere      Conjuration/Charms           5
Comestibles
 c - a meat ration
 g - a chunk of flesh


   Skills:
 - Level 2.4 Dodging
 - Level 2.6 Stealth
 + Level 3.2 Spellcasting
 + Level 4.3 Conjurations
 * Level 1.1 Hexes


You had 4 spell levels left.
You knew the following spells:

 Your Spells              Type           Power        Failure   Level  Hunger
a - Magic Dart            Conj           ###.         2%          1    None
b - Dazzling Spray        Conj/Hex       ##....       17%         3    ###....


Dungeon Overview and Level Annotations

Branches:
Dungeon (2/15)

Altars:

Annotations:
D:2 Crazy Yiuf


Innate Abilities, Weirdness & Mutations

You are small and have problems with some larger weapons.
You are carnivorous and can eat meat at any time.


Message History

There is an open door here.
Crazy Yiuf shouts!
Crazy Yiuf hits you with a quarterstaff of chaos!
Ouch! That really hurt!
You are lethally poisoned!
You hit Crazy Yiuf but do no damage.
* * * LOW HITPOINT WARNING * * *
You feel sick.
Casting: Magic Dart
Confirm with . or Enter, or press ? or * to list all spells.
Aiming: Dazzling Spray
Press: ? - help, Shift-Dir - straight line, f - Crazy Yiuf
Aim: Crazy Yiuf, wielding a quarterstaff of chaos and wearing a cloak The spray of energy misses Crazy Yiuf.
* * * LOW HITPOINT WARNING * * *
You feel sick. Crazy Yiuf barely misses you.
It was a potion of cure mutation.
It has a very clean taste.
* * * LOW HITPOINT WARNING * * *
You feel sick.
Crazy Yiuf hits you with a quarterstaff of chaos.
You die...

##### ..#
#.g)# ###
..# #.@.#
..# #.#
#...# #.#
#.# ##'##
#.# #.# ##.#
#.# #.# #.##
#.#######.##
##.#
#..........#
#.##
##########.#
##.## #.#
#...##


You could see Crazy Yiuf.

Vanquished Creatures
  An adder (D:1)
  2 oozes
  4 bats
  A giant cockroach (D:1)
  A goblin (D:2)
  4 hobgoblins
  4 jackals (D:1)
  5 kobolds (D:1)
  2 rats (D:1)
24 creatures vanquished.

Notes
Turn   | Place    | Note
-------+----------+-------------------------------------------
     0 | D:1      | empire the Kobold Conjurer began the quest for the Orb.
     0 | D:1      | Reached XP level 1. HP: 10/10 MP: 3/3
   139 | D:1      | Reached XP level 2. HP: 7/15 MP: 3/5
   286 | D:1      | Reached XP level 3. HP: 8/19 MP: 4/7
   457 | D:1      | Learned a level 3 spell: Dazzling Spray
   948 | D:2      | Reached skill level 1 in Hexes
  1130 | D:2      | Found a runed door.
  1134 | D:2      | Noticed Crazy Yiuf
  1140 | D:2      | Slain by Crazy Yiuf

Skill      XL: |  1  2  3 |
---------------+----------+-----
Spellcasting   | 3 |  3.2
Hexes          | 1 |  1.1
Dodging        | |  2.4
Stealth        | |  2.6
Conjurations   | |  4.3

Action                   || total
-------------------------++-------
Melee: Spear             ||     8
       Short sword       ||    10
       Dagger            ||    33
 Cast: Magic Dart        ||    41
       Dazzling Spray    ||     1
  Use: Scroll            ||     2
       Potion            ||     1
 Stab: Sleeping          ||     2
  Eat: Chunk             ||     9
Armor: Robe              ||    13
Dodge: Dodged            ||    58
